 Dungeon Crawl Stone Soup version 0.25-a0-930-g9f5dfa9815 (webtiles) character file.

Game seed: 17577054613019173231, levelgen mode: classic

32 Amnesiac the Chiller (level 3, -1/26 HPs)
             Began as a Ghoul Ice Elementalist on May 4, 2020.
             Slain by an orc
             ... wielding a +0 war axe
              (8 damage)
             ... on level 3 of the Dungeon.
             The game lasted 00:00:53 (337 turns).

Amnesiac the Chiller (Ghoul Ice Elementalist)        Turns: 337, Time: 00:00:54

Health: -1/26      AC:  2    Str: 11    XL:     3   Next: 25%
Magic:  2/5        EV: 12    Int: 11    God:
Gold:   18         SH:  0    Dex:  9    Spells: 2/6 levels left

rFire    . . .     SeeInvis .   e - +0 short sword
rCold    + . .     Gourm    .   (no shield)
rNeg     + + +     Faith    .   a - +0 robe
rPois    ∞         Spirit   .   (no helmet)
rElec    .         Reflect  .   (no cloak)
rCorr    .         Harm     .   (no gloves)
MR       .....                  (no boots)
Stlth    ++........             (no amulet)
HPRegen  0.00/turn              (no ring)
MPRegen  0.09/turn              (no ring)

@: very slightly contaminated, rotting
A: rotting body, claws 1, carnivore, cold resistance 1, negative energy
resistance 3, inhibited regeneration, torment resistance, unbreathing
a: no special abilities


You were on level 3 of the Dungeon.
You were not hungry.

You visited 1 branch of the dungeon, and saw 3 of its levels.

You collected 18 gold pieces.

Inventory:

Hand Weapons
 e - a +0 short sword (weapon)
Armour
 a - a +0 robe (worn)
Scrolls
 b - a scroll of identify {!r, unknown}
 d - a scroll of enchant weapon {!r, unknown}
Comestibles
 c - a ration
 f - 2 chunks of flesh


   Skills:
 - Level 1.7 Dodging
 - Level 2.1 Stealth
 + Level 2.2 Spellcasting
 * Level 5.2 Ice Magic


You had 2 spell levels left.
You knew the following spells:

 Your Spells              Type           Power        Failure   Level  Hunger
a - Freeze                Ice            ##..         3%          1    ##.....
b - Frozen Ramparts       Ice            ##....       10%         3    ####...

Your spell library contained the following spells:

 Spells                   Type           Power        Failure   Level  Hunger
 Ozocubu's Armour         Chrm/Ice       #.......     28%         3    ####...
 Hailstorm                Conj/Ice       #.......     67%         4    #####..
 Summon Ice Beast         Ice/Summ       #.......     67%         4    #####..


Dungeon Overview and Level Annotations

Branches:
Dungeon (3/15)

Altars:
Gozag


Innate Abilities, Weirdness & Mutations

Your body is rotting away.
You thrive on raw meat.
You are immune to poison.
You have sharp fingernails.
You are carnivorous and can eat meat at any time.
Your flesh is cold resistant. (rC+)
You are immune to negative energy. (rN+++)
You do not regenerate when monsters are visible.
You are immune to unholy pain and torment.
You can survive without breathing.


Message History

You can't see any susceptible monsters within range! (Use Z to cast anyway.)
The bat barely misses you.
A leopard gecko comes into view.
Casting: Freeze (safe; 3% risk of failure)
Confirm with . or Enter, or press ? or * to list all spells.
Aiming: Freeze (safe; 3% risk of failure)
Press: ? - help, Shift-Dir - straight line, f - bat
Aim: a bat You miscast Freeze.
You are very lightly contaminated with residual magic.
Nothing appears to happen.
The leopard gecko hisses angrily.
You hear a shout!
The bat barely misses you. The bat hits you but does no damage.
You hit the bat but do no damage. The bat barely misses you.
Casting: Freeze (safe; 3% risk of failure)
Confirm with . or Enter, or press ? or * to list all spells.
You can't see any susceptible monsters within range! (Use Z to cast anyway.)
Casting: Freeze (safe; 3% risk of failure)
Confirm with . or Enter, or press ? or * to list all spells.
The spell is quite dangerous to cast (11% risk of failure)!
Continue anyway?
Okay, then.
The bat hits you but does no damage. The bat hits you.
The leopard gecko bites you.
The bat hits you but does no damage. x2 2 orcs come into view.
The orc shouts! x2
The bat closely misses you.
An orc comes into view.
A frilled lizard comes into view.
The bat closely misses you.
You barely miss the bat. The bat completely misses you.
The bat barely misses you.
Casting: Frozen Ramparts (quite dangerous; 11% risk of failure)
Confirm with . or Enter, or press ? or * to list all spells.
Aiming: Freeze (safe; 3% risk of failure)
Press: ? - help, Shift-Dir - straight line, f/p - bat
Aim: a bat You freeze the bat.
You kill the bat!
You miss the leopard gecko. The leopard gecko bites you.
Casting: Freeze (safe; 3% risk of failure)
Confirm with . or Enter, or press ? or * to list all spells.
Aiming: Freeze (safe; 3% risk of failure)
Press: ? - help, Shift-Dir - straight line, f - leopard gecko
Aim: a leopard gecko You freeze the leopard gecko.
You kill the leopard gecko!
The orc hits you with a +0 war axe!
* * * LOW HITPOINT WARNING * * *
You are too injured to fight recklessly!
You see here a leopard gecko corpse.
You butcher the leopard gecko corpse.
The orc hits you with a +0 war axe.
* * * LOW HITPOINT WARNING * * *
An orc comes into view. It is wielding a +0 dagger of venom.
Things that are here:
2 chunks of flesh; a leopard gecko skeleton Eat one of 4 chunks of flesh? (ye/n/q)
You eat one of the 4 chunks of flesh.
This raw flesh tastes great!
The orc shouts!
The orc hits you with a +0 war axe.
* * * LOW HITPOINT WARNING * * *
Eat one of 3 chunks of flesh? (ye/n/q)
You eat one of the 3 chunks of flesh.
This raw flesh tastes great!
The orc hits you with a +0 war axe!
You die...

###.# .###
.....# #....
....####..<..
#...........
#...........
##<.# ###...#
#####.....#
#oo@..##..##.
#.###........
...
#..####....
...##
#.........#
...##
..#####.#..#
#. .### #.. #
.. .. ..#


You could see 2 orcs.

Vanquished Creatures
  Jessica (D:2)
  A leopard gecko (D:3)
  A hobgoblin (D:1)
  A kobold (D:2)
  A bat (D:3)
  A rat (D:2)
6 creatures vanquished.

Notes
Turn   | Place    | Note
-------+----------+-------------------------------------------
     0 | D:1      | Amnesiac the Ghoul Ice Elementalist began the quest for the
                  | Orb.
     0 | D:1      | Reached XP level 1. HP: 14/14 MP: 2/2
   170 | D:2      | Noticed Jessica
   174 | D:2      | Found an opulent altar of Gozag.
   179 | D:2      | Killed Jessica
   179 | D:2      | Reached skill level 5 in Ice Magic
   179 | D:2      | Reached XP level 2. HP: 20/20 MP: 0/4
   179 | D:2      | Reached XP level 3. HP: 26/26 MP: 0/5
   184 | D:2      | Learned a level 3 spell: Frozen Ramparts
   337 | D:3      | Slain by an orc

Levels and vault maps discovered:
D:1:      kilobyte_arrival_exit_the_forest, layout_rooms,
          chequers_serial_rivers_small_b, grunt_decor_arrowhead
D:2:      layout_basic, lemuel_zombie_altar_kikubaaqudgha,
          grunt_dithmenos_smoke_and_mirrors, grunt_gozag_breadcrumbs,
          old_standard_altar, first_ration, uniq_jessica
D:3:      layout_rooms, lemuel_doored_altar, kennysheep_slug_shrine,
          nicolae_overflow_hidden_temple, old_standard_altar,
          minmay_shallow_snake_nest

Skill      XL: |  1 |
---------------+----+-----
Spellcasting   | 2 |  2.2
Ice Magic      | 5 |  5.2
Dodging        | |  1.7
Stealth        | |  2.1

Action                   || total
-------------------------++-------
Melee: Unarmed           ||     2
       Short sword       ||     3
 Cast: Freeze            ||     8
  Eat: Chunk             ||     2
Armor: Robe              ||     5
Dodge: Dodged            ||    12

Table legend:
 A = Non-vault XP
 B = Vault XP
 C = Vault XP percentage of total XP
 D = Non-vault monster count
 E = Vault monster count
 F = Vault count percentage of total count
                 A         B        C        D         E       F
            +---------+---------+-------+---------+---------+-------
      Total |       9 |      37 |  80.4 |       5 |       1 |  16.7
            +---------+---------+-------+---------+---------+-------
        D:1 |       2 |       0 |   0.0 |       1 |       0 |   0.0
        D:2 |       3 |      37 |  92.5 |       2 |       1 |  33.3
        D:3 |       4 |       0 |   0.0 |       2 |       0 |   0.0
            +---------+---------+-------+---------+---------+-------
